 Dungeon Crawl Stone Soup version 0.29.1-13-g9f3cf754e1 (webtiles) character file.

Game seed: 9513674593673871224

63 DemonSlayer the Digger (level 3, 0/24 HPs)
             Began as a Demonspawn Earth Elementalist on Jan 22, 2023.
             Slain by an orc
             ... wielding a +0 short sword
              (3 damage)
             ... on level 3 of the Dungeon.
             The game lasted 00:03:24 (3105 turns).

DemonSlayer the Digger (DsEE)                       Turns: 3105, Time: 00:03:24

Health: 0/24       AC:  3    Str: 10    XL:     3   Next: 89%
Magic:  3/7        EV: 12    Int: 16    God:
Gold:   141        SH:  0    Dex: 15    Spells: 2/8 levels left

rFire   . . .      SeeInvis .   j - +0 falchion
rCold   . . .      Faith    .   (no shield)
rNeg    . . .      Spirit   .   c - +1 robe {Will+}
rPois   .          Reflect  .   (no helmet)
rElec   .          Harm     .   d - scarf {shadows}
rCorr   .          Rampage  .   (no gloves)
Will    +....                   (no boots)
Stlth   +++.......              (no amulet)
HPRegen 0.08/turn               (no ring)
MPRegen 0.20/turn               (no ring)

@: no status effects
A: thin skeletal structure 1, magic regeneration
a: no special abilities


You were on level 3 of the Dungeon.
You visited 1 branch of the dungeon, and saw 3 of its levels.

You collected 141 gold pieces.

Inventory:

Hand Weapons
 j - a +0 falchion (weapon)
Armour
 c - a +1 robe of willpower (worn)
 d - a scarf of shadows (worn)
Scrolls
 e - a scroll of summoning {unknown}
 f - a scroll of brand weapon {unknown}
 h - a scroll of identify
 i - a scroll of fear {unknown}
 k - a scroll of amnesia
 l - a scroll of teleportation {unknown}
 m - a scroll of fog {unknown}
Potions
 a - a potion of attraction {unknown}
 b - a potion of magic
 g - a potion of flight
 n - a potion of mutation {unknown}
 o - a potion of heal wounds {unknown}
 p - a potion of resistance {unknown}
 q - a potion of curing {unknown}
 r - a potion of brilliance {unknown}


   Skills:
 + Level 0.2 Short Blades
 + Level 1.8 Dodging
 + Level 2.0 Stealth
 + Level 3.0 Spellcasting
 + Level 0.8 Transmutations
 + Level 3.4 Earth Magic


You had 2 spell levels left.
You knew the following spells:

 Your Spells              Type           Power      Damage    Failure   Level
a - Sandblast             Erth           26%        2d8       4%          1
b - Passwall              Tmut/Erth      7%         N/A       12%         2
c - Stone Arrow           Conj/Erth      16%        3d8       26%         3

Your spell library contained the following spells:

 Spells                   Type           Power      Damage    Failure   Level
 Freeze                   Ice            8%         1d3       19%         1
 Magic Dart               Conj           8%         1d3       19%         1
 Call Imp                 Summ           2%         N/A       28%         2
 Frozen Ramparts          Ice            4%         1d1       50%         3
 Mephitic Cloud           Conj/Pois/Air  2%         N/A       50%         3
 Petrify                  Tmut/Erth      9%         N/A       58%         4
 Hailstorm                Conj/Ice       2%         3d3       88%         4


Dungeon Overview and Level Annotations

Branches:
Dungeon (3/15)

Altars:


Innate Abilities, Weirdness & Mutations

You have a somewhat thin skeletal structure. (Dex +2, Stealth+)
You regenerate magic rapidly.


Message History

The blast of sand hits the orc but does no damage.
The orc is heavily wounded.
The orc shouts!
You hear an angry hiss.
The orc hits you with a +1 flail of distortion.
You blink.
A frilled lizard and an orc come into view.
Found 13 gold pieces.
The frilled lizard bites you.
The orc moves out of view.
The blast of sand hits the orc.
The orc is moderately wounded.
The orc hits you but does no damage.
The frilled lizard bites you but does no damage.
The orc closely misses you. The orc hits you but does no damage.
The frilled lizard bites you but does no damage.
The blast of sand misses the orc.
The orc hits you with a +0 short sword. The frilled lizard closely misses you.
The orc misses you.
The blast of sand hits the orc but does no damage.
The orc is moderately wounded.
The orc hits you but does no damage. The orc hits you with a +0 short sword.
The frilled lizard closely misses you. The orc closely misses you.
The frilled lizard bites you but does no damage.
The orc hits you with a +0 club. x2; The orc hits you with a +0 short sword.
You are too injured to fight recklessly!
You are too injured to fight recklessly!
You are too injured to fight recklessly!
Unknown command.
You closely miss the frilled lizard. The orc hits you with a +0 short sword.
* * * LOW HITPOINT WARNING * * *
The orc closely misses you. The orc barely misses you.
The frilled lizard bites you but does no damage.
Unknown command.
As you read the scroll labelled KUNKIRIE GENUA, it crumbles to dust.
It is a scroll of amnesia.
Really abort (and waste the scroll)? [Y]es or [N]o only, please.
Really abort (and waste the scroll)? [Y]es or [N]o only, please.
Really abort (and waste the scroll)?
Okay, then.
The orc barely misses you. The orc hits you with a +0 short sword.
You die...

#.....#.†...##
##.####.......
.. #.######
..#####.######
#......>....#
#<####.####.#
#.# ##.# #.#
#..o#####.# #.#
.#@l.....
......ooo.###.#
..##.#.#.##
#..$## ## #


You could see 4 orcs and a frilled lizard.

Vanquished Creatures
  An adder (D:2)
  2 dart slugs
  3 endoplasms (D:2)
  3 giant cockroaches
  4 goblins
  4 hobgoblins
  5 jackals
  A quokka (D:3)
  8 ball pythons
  5 bats
  5 frilled lizards
  5 kobolds
  3 rats
49 creatures vanquished.

Notes
Turn   | Place    | Note
-------+----------+-------------------------------------------
     0 | D:1      | DemonSlayer the Demonspawn Earth Elementalist began the
                  | quest for the Orb.
     0 | D:1      | Reached XP level 1. HP: 13/13 MP: 3/3
   384 | D:1      | Gained mutation: You have a somewhat thin skeletal
                  | structure. (Dex +2, Stealth+) [demonic ancestry]
   384 | D:1      | Reached XP level 2. HP: 13/19 MP: 1/5
  1254 | D:1      | Learned a level 2 spell: Passwall
  1826 | D:2      | Gained mutation: You regenerate magic rapidly. [demonic
                  | ancestry]
  1826 | D:2      | Reached XP level 3. HP: 7/24 MP: 4/7
  2136 | D:2      | Found a faded altar of an unknown god.
  2929 | D:2      | Learned a level 3 spell: Stone Arrow
  3105 | D:3      | Slain by an orc

Illustrated notes

Levels and vault maps discovered:
D:1:      dpeg_chamrin_arrival_tetris, layout_basic
D:2:      layout_basic, dreamdust_ecumenical_altar_grove, minmay_fountain_box,
          minmay_misc_feat_more_columns
D:3:      layout_loops_ring, nemelex_dance_club_becter,
          mainiacjoe_overflow_paths, kennysheep_generic_room_14

Skill      XL: |  1  2  3 |
---------------+----------+-----
Earth Magic    | 3 |  3.4
Spellcasting   | 3 |  3.0
Stealth        | 2 |  2.0
Short Blades   | |  0.2
Dodging        | |  1.8
Transmutations | |  0.8

Action                   || total
-------------------------++-------
Melee: Short sword       ||     5
       Falchion          ||     4
 Cast: Sandblast         ||    69
  Use: Scroll            ||     2
Armor: Robe              ||    14
Dodge: Dodged            ||    34
